 Dungeon Crawl Stone Soup version 0.19-a0-1384-gbb462ca (webtiles) character file.

410 JustSomeDude the Shield-Bearer (level 6, 0/48 HPs)
             Began as a Demonspawn Fighter on Sept 1, 2016.
             Slain by Sigmund
             ... wielding a +4 scythe of venom
              (9 damage)
             ... on level 5 of the Dungeon on Sept 3, 2016.
             The game lasted 00:07:31 (3506 turns).

JustSomeDude the Shield-Bearer (Demonspawn Fighter) Turns: 3506, Time: 00:07:32

Health: 0/48       AC:  9    Str: 19 (21) XL:     6   Next: 58%
Magic:  6/6        EV:  8    Int: 11 (14) God:
Gold:   304        SH:  9    Dex:  9 (12) Spells: 0 memorised, 5 levels left

rFire  . . .     SeeInvis .     a - +0 trident
rCold  + . .     Gourm    .     b - +0 scale mail
rNeg   . . .     Faith    .     c - +0 shield
rPois  .         Spirit   .     (helmet restricted)
rElec  .         Dismiss  .     g - +0 cloak
rCorr  .         Reflect  .     k - +0 pair of gloves
MR     .....     Harm     .     (no boots)
Stlth  ..........               (no amulet)
                                (no ring)
                                (no ring)

@: brilliant
A: hooves 2, horns 1, cold resistance 1, demonic guardian 1, high mp 1, strong
1, MP-powered wands
a: no special abilities


You were on level 5 of the Dungeon.
You were not hungry.

You visited 2 branches of the dungeon, and saw 6 of its levels.

You collected 304 gold pieces.

Inventory:

Hand Weapons
 a - a +0 trident (weapon)
Armour
 b - a +0 scale mail (worn)
 c - a +0 shield (worn)
 g - a +0 cloak (worn)
 k - a +0 pair of gloves (worn)
Jewellery
 v - an uncursed ring of magical power {unknown}
Wands
 n - a wand of lightning (8/15)
 t - a wand of confusion (14/48)
 y - a wand of paralysis (8/24)
Scrolls
 h - a scroll of magic mapping {unknown}
 j - 2 scrolls of identify {unknown}
 l - 2 scrolls of recharging {unknown}
 m - 4 scrolls of fear {unknown}
 o - 2 scrolls of fog {unknown}
 r - 2 scrolls of noise {unknown}
 u - a scroll of teleportation {unknown}
 C - 2 scrolls of enchant weapon {unknown}
Potions
 d - a potion of might
Books
 E - a book of the Warp

   Spells                             Type                      Level
   a - Gell's Gravitas                Hexes/Translocation          3
   b - Force Lance                    Conjuration/Translocation    4
   c - Summon Forest                  Summoning/Translocation      5
   d - Dispersal                      Translocation                6
   e - Controlled Blink               Translocation                8
   f - Disjunction                    Translocation                8
Comestibles
 f - 6 bread rations
 p - a beef jerky
 s - a slice of pizza
 A - a meat ration


   Skills:
 + Level 3.9 Fighting
 + Level 3.3 Polearms
 + Level 3.9 Armour
 + Level 2.1 Dodging
 + Level 4.2 Shields


You had 5 spell levels left.
You didn't know any spells.

Dungeon Overview and Level Annotations

Branches:
Dungeon (5/15)             Temple (1/1) D:4

Altars:
Ashenzari
Cheibriados
Elyvilon
Fedhas
Gozag
Kikubaaqudgha
Makhleb
Nemelex Xobeh
Okawaru
Qazlal
Ru
Sif Muna
Uskayaw
Vehumet
Xom
Zin
The Shining One

Annotations:
D:5 Sigmund


Innate Abilities, Weirdness & Mutations

You have hoof-like feet.
You have a pair of small horns on your head.
Your flesh is cold resistant. (rC+)
A weak demonic guardian rushes to your aid.
You have an increased reservoir of magic. (+10% MP)
Your muscles are strong. (Str +2)
You expend magic power (3 MP) to strengthen your wands.


Message History

You are more poisoned.
It was a potion of mutation.
You feel extremely strange.
You feel stronger.
You feel your magical essence link to your wands.
You feel more energetic.
* * * LOW HITPOINT WARNING * * *
You feel very sick.
Your quasit disappears in a puff of smoke!
Something completely misses you.
It was a potion of ambrosia.
You are confused.
You feel invigorated.
* * * LOW HITPOINT WARNING * * *
You feel very sick.
It was a potion of curing.
You feel better.
You feel less invigorated. Something hits you!
* * * LOW HITPOINT WARNING * * *
You are lethally poisoned!
You feel better. Something hits you!
You die...

#.#.....# #. #.#
#)#..#### #.# #.#
#####.#..### #.######.#
............. #......#.#
........>...####..###.#.#
##########.....#..#.....#
###.#.#.#..†...###
........#.....##
........#@.#..#
.......{..##..#
........#.##....
######..#.##.....
##.#.######.# #.... .#
..... # ...... ......


There were no monsters in sight!

Vanquished Creatures
  An ice beast (D:4)
  A howler monkey (D:4)
  2 worker ants
  A hound skeleton (D:4)
  2 adders
  3 gnolls
  2 oozes
  2 worms (D:3)
  A dart slug (D:2)
  2 giant geckos
  2 ball pythons
  10 bats
  2 giant cockroaches
  3 goblins
  6 hobgoblins
  2 jackals (D:2)
  4 quokkas
  3 giant newts
  A jackal skeleton (D:4)
  4 kobolds
  9 rats
63 creatures vanquished.

Vanquished Creatures (collateral kills)
  A scorpion (D:5)
  A howler monkey (D:3)
  A centaur skeleton (D:4)
  An orc wizard (D:4)
  2 gnolls (D:4)
6 creatures vanquished.

Grand Total: 69 creatures vanquished

Notes
Turn   | Place    | Note
-------+----------+-------------------------------------------
     0 | D:1      | JustSomeDude the Demonspawn Fighter began the quest for the Orb.
     0 | D:1      | Reached XP level 1. HP: 18/18 MP: 1/1
     6 | D:1      | Upgraded the game from 0.19-a0-1341-g3513869 to 0.19-a0-1384-gbb462ca
    98 | D:1      | Reached skill level 3 in Shields
    98 | D:1      | Gained mutation: You have large cloven feet. [demonic ancestry]
    98 | D:1      | Reached XP level 2. HP: 17/24 MP: 2/2
   498 | D:1      | Gained mutation: You have hoof-like feet. [demonic ancestry]
   498 | D:1      | Reached XP level 3. HP: 28/29 MP: 3/3
   693 | D:2      | Found an iron altar of Okawaru.
   803 | D:2      | Found a snail-covered altar of Cheibriados.
   978 | D:2      | Found a white marble altar of Elyvilon.
  1257 | D:2      | Found a sparkling altar of Nemelex Xobeh.
  1625 | D:3      | Gained mutation: A weak demonic guardian rushes to your aid. [demonic ancestry]
  1625 | D:3      | Reached XP level 4. HP: 25/35 MP: 4/4
  1829 | D:3      | Reached skill level 1 in Dodging
  1861 | D:3      | Found a glowing golden altar of the Shining One.
  2103 | D:4      | Found a staircase to the Ecumenical Temple.
  2210 | Temple   | Entered the Ecumenical Temple
  2779 | D:4      | Gained mutation: Your flesh is cold resistant. (rC+) [demonic ancestry]
  2779 | D:4      | Reached XP level 5. HP: 28/41 MP: 5/5
  2792 | D:4      | Found a burning altar of Makhleb.
  2991 | D:4      | Noticed an ice beast
  3011 | D:4      | Reached skill level 4 in Shields
  3023 | D:4      | Killed an ice beast
  3023 | D:4      | Gained mutation: You have a pair of small horns on your head. [demonic ancestry]
  3023 | D:4      | Reached XP level 6. HP: 34/48 MP: 6/6
  3283 | D:4      | Found a stormy altar of Qazlal.
  3415 | D:5      | Entered Level 5 of the Dungeon
  3488 | D:5      | Noticed Sigmund
  3503 | D:5      | Gained mutation: Your muscles are strong. (Str +2) [potion of mutation]
  3503 | D:5      | Gained mutation: You expend magic power (3 MP) to strengthen your wands. [potion of mutation]
  3503 | D:5      | Gained mutation: You have an increased reservoir of magic. (+10% MP) [potion of mutation]
  3503 | D:5      | HP: 1/48 [poisoned by Sigmund]
  3506 | D:5      | Slain by Sigmund

Vault maps used:
D:1:      lemuel_arrival_lava_pool, kennysheep_flooded_box
D:2:      okawaru_trees_1, kennysheep_slug_shrine,
          nicolae_overflow_hidden_temple, lemuel_crystal_altar
D:3:      wad_pebble_path, nicolae_tso_carved_into_rock
D:4:      bloody_makhleb, nicolae_qazlal_eye_of_the_storm,
          kennysheep_cross_bottleneck, minmay_misc_feat_five,
          minmay_divided_ellipse
D:5:      first_bread, kennysheep_crisscross, yredelemnul_altar_generic,
          uniq_sigmund, uniq_eustachio
Temple:   minmay_temple_curvy_loop

Skill      XL: |  1  2  3  4  5 |
---------------+----------------+-----
Shields        | 3 4 |  4.2
Polearms       | 2 3 |  3.3
Armour         | 3 |  3.9
Dodging        | 1 2 |  2.1
Fighting       | |  3.9

Action                   |  1- 3 |  4- 6 || total
-------------------------+-------+-------++-------
Melee: Trident           |   149 |   114 ||   263
       Kick              |    17 |    20 ||    37
       Headbutt          |       |     1 ||     1
  Use: Potion            |       |     8 ||     8
  Eat: Chunk             |     2 |     2 ||     4
       Meat ration       |       |     1 ||     1
Armor: Scale mail        |    61 |    47 ||   108
Dodge: Dodged            |    52 |    33 ||    85
Block: Shield            |    68 |    45 ||   113
